AoeStats
← pcl

Migration

509544806Analyzed
1v1 RM · 4d ago on Sep 27, 2026· 60m 57s· 2 players
Game mode
Random Map
Map size
132×132
Population
200
Speed
Normal
Resources
Standard
Victory
Conquest
Starting age
Dark Age
Ending age
Imperial Age
RankedLock teamsTeams togetherTeam positionsShared explorationLock speedFull tech treeHidden civsTurbo modeCheats
Victory
Defeat
🇨🇳 Malay · China
568
+15
🇸🇪 Vikings · Sweden
543
-24
biggels
14:13 Feudal Age
14:36 Horse Collar
15:21 Double-Bit Axe
15:28 Man-at-Arms
16:31 Gold Mining
22:31 Castle Age
20:35 Town Watch
22:30 Scale Mail Armor
23:29 Heavy Plow
23:41 Bow Saw
23:29 Stone Mining
24:14 Gold Shaft Mining
24:20 Medium Warships
26:48 Long Swordsman
26:48 Pikeman
26:53 Crossbowman
26:54 Elite Skirmisher
29:47 Forging
31:14 Chain Mail Armor
31:05 Squires
37:51 Imperial Age
36:53 Heated Shot
38:04 Elite Longship
39:21 Siphons
45:52 Two-Handed Swordsman
46:21 Arbalester
48:47 Champion
pcl
11:11 Feudal Age
14:28 Fishing Lines
19:13 Castle Age
20:55 Forging
20:37 Fletching
20:53 Scale Barding Armor
23:14 Double-Bit Axe
24:30 Wheelbarrow
24:32 Medium Warships
24:15 Gillnets
25:17 Iron Casting
25:23 Horse Collar
27:03 Gold Mining
28:26 Heavy Plow
30:31 Hand Cart
30:31 Bodkin Arrow
30:30 Stone Mining
32:02 Demolition Ship
34:32 Thalassocracy
34:38 Padded Archer Armor
34:35 Man-at-Arms
34:36 Pikeman
35:17 Squires
37:22 Gold Shaft Mining
37:24 Stone Shaft Mining
36:43 Long Swordsman
40:14 Imperial Age
38:59 Leather Archer Armor
40:20 Heavy Warships
40:51 Forced Levy
41:12 Conscription
43:21 Bow Saw
43:47 Crop Rotation
43:13 Elite Karambit Warrior
44:25 Two-Handed Swordsman
44:52 Arson
47:49 Chemistry
46:47 Murder Holes
47:14 Ballistics
47:00 Siege Engineers
47:01 Halberdier
48:21 Elite Cannon Galleon
49:04 Capped Ram
54:32 Bracer
55:32 Blast Furnace
55:05 Ring Archer Armor
Connection lost

Rejoining the realm…

Still unreachable

The connection could not be restored.

Session expired

The server has moved on; the page needs a fresh start.